 Dungeon Crawl Stone Soup version 0.29.1-13-g9f3cf754e1 (webtiles) character file.

Game seed: 2935483321634671495

53 DildoBatman the Conjurer (level 4, -1/32 HPs)
             Began as a Formicid Conjurer on Jan 23, 2023.
             Frozen to death by an endoplasm (2 damage)
             ... on level 2 of the Dungeon.
             The game lasted 00:02:13 (1293 turns).

DildoBatman the Conjurer (Formicid Conjurer)        Turns: 1293, Time: 00:02:14

Health: -1/32      AC:  2    Str: 12    XL:     4   Next: 10%
Magic:  3/8        EV: 12    Int: 19    God:
Gold:   48         SH:  0    Dex: 12    Spells: 5/8 levels left

rFire   . . .      SeeInvis +   k - +4 dagger
rCold   . . .      Faith    .   (no shield)
rNeg    . . .      Spirit   .   a - +0 robe
rPois   .          Reflect  .   (helmet unavailable)
rElec   .          Harm     .   (no cloak)
rCorr   .          Rampage  .   (no gloves)
Will    .....                   (no boots)
Stlth   ++........              (no amulet)
HPRegen 0.10/turn               (no ring)
MPRegen 0.11/turn               (no ring)

@: lethally poisoned (-1 -> -6)
A: permanent stasis, dig shafts and tunnels, antennae 3, four strong arms
a: Dig, Shaft Self


You were on level 2 of the Dungeon.
You visited 1 branch of the dungeon, and saw 2 of its levels.

You collected 48 gold pieces.

Inventory:

Hand Weapons
 d - a +0 short sword
 k - a +4 dagger (weapon)
Armour
 a - a +0 robe (worn)
 c - a +0 buckler
Scrolls
 e - a scroll of vulnerability {unknown}
 g - 2 scrolls of identify {unknown}
 h - a scroll of enchant armour {unknown}
Potions
 b - a potion of magic
 f - a potion of mutation {unknown}
 i - a potion of brilliance {unknown}
 j - a potion of degeneration {unknown}


   Skills:
 * Level 1.4 Fighting
 * Level 1.5 Armour
 - Level 2.0 Dodging
 - Level 2.4 Stealth
 * Level 0.3 Shields
 * Level 2.7 Spellcasting
 * Level 3.9 Conjurations


You had 5 spell levels left.
You knew the following spells:

 Your Spells              Type           Power      Damage    Failure   Level
a - Searing Ray           Conj           34%        2d5       4%          2
c - Magic Dart            Conj           68%        1d6       3%          1

Your spell library contained the following spells:

 Spells                   Type           Power      Damage    Failure   Level
 Dazzling Flash           Conj/Hex       20%        N/A       22%         3
 Fulminant Prism          Conj/Hex       5%         3d7       56%         4
 Iskenderun's Mystic Bla  Conj/Tloc      10%        2d4       56%         4


Dungeon Overview and Level Annotations

Branches:
Dungeon (2/15)

Altars:


Innate Abilities, Weirdness & Mutations

You cannot be hasted, slowed, berserked, paralysed or teleported.
You can dig through walls and to a lower floor.
You have a pair of large antennae on your head. (SInv)
Your four strong arms can wield two-handed weapons with a shield.


Message History

Orders for allies: a - Attack new target. r - Retreat! s - Stop attacking. g - Guard the area. f - Follow me.
Anything else - Cancel.
You shout for attention!
You hear a shout!
The adder closely misses you. The goblin barely misses you.
The kobold hits you with a +0 short sword.
The endoplasm closely misses you. The adder bites you but does no damage.
What are your orders? t - Shout!
Orders for allies: a - Attack new target. r - Retreat! s - Stop attacking. g - Guard the area. f - Follow me.
Anything else - Cancel.
You shout for attention!
The goblin misses you. The kobold closely misses you.
The endoplasm freezes you.
You are frozen.
A ball python comes into view.
The adder bites you.
You are lethally poisoned!
The adder poisons you! What are your orders? t - Shout!
Orders for allies: a - Attack new target. r - Retreat! s - Stop attacking. g - Guard the area. f - Follow me.
Anything else - Cancel.
You shout for attention!
You feel sick. The adder bites you. The goblin hits you but does no damage.
The kobold barely misses you. The endoplasm freezes you.
You are frozen.
You die...

##).. #.... ..
....# g ##... .
.... #. ..#####..
##.##KS.....#
#...#@J...# ..#.
#g.###....
#..{.#...#.###...#
#.#..##.##.......#
.....#$#..####..#
#....###........#
#....S.###...#
#.).<....# .#
##..####.#..


You could see an adder, an endoplasm, a goblin, a ball python and a kobold.

Vanquished Creatures
  2 adders (D:2)
  4 dart slugs (D:1)
  3 bats
  3 endoplasms
  5 hobgoblins
  2 ball pythons (D:1)
  2 frilled lizards (D:1)
  3 goblins
  3 kobolds (D:1)
27 creatures vanquished.

Notes
Turn   | Place    | Note
-------+----------+-------------------------------------------
     0 | D:1      | DildoBatman the Formicid Conjurer began the quest for the
                  | Orb.
     0 | D:1      | Reached XP level 1. HP: 13/13 MP: 3/3
   292 | D:1      | Reached XP level 2. HP: 19/20 MP: 1/5
   296 | D:1      | Learned a level 2 spell: Searing Ray
   708 | D:1      | Reached skill level 1 in Armour
   762 | D:1      | Reached skill level 1 in Fighting
   762 | D:1      | Reached XP level 3. HP: 10/26 MP: 1/6
  1277 | D:2      | Reached XP level 4. HP: 32/32 MP: 1/8
  1293 | D:2      | HP: 1/32 [adder (2)]
  1293 | D:2      | Frozen to death by an endoplasm

Illustrated notes

Levels and vault maps discovered:
D:1:      dpeg_arrival_three_same_balls, layout_loops_ring, minmay_box_of_dots
D:2:      layout_basic, serial_glass, glass_columns_a, glass_columns_c,
          shapermc_ecumenical_altar_flowoftime, minmay_ruptured

Skill      XL: |  1  2 |
---------------+-------+-----
Dodging        | 2 |  2.0
Armour         | 1 |  1.5
Fighting       | 1 |  1.4
Stealth        | |  2.4
Shields        | |  0.3
Spellcasting   | |  2.7
Conjurations   | |  3.9

Action                   |  1- 3 |  4- 6 || total
-------------------------+-------+-------++-------
Melee: Short sword       |    20 |       ||    20
       Punch             |     1 |       ||     1
       Dagger            |     7 |     2 ||     9
 Cast: Magic Dart        |    47 |       ||    47
       Searing Ray       |     1 |       ||     1
 Stab: Sleeping          |     4 |       ||     4
Armor: Robe              |     2 |     5 ||     7
Dodge: Dodged            |    25 |    16 ||    41
